[Event "42nd Olympiad Baku 2016 Women"]
[Site "Baku"]
[Date "2016.09.02"]
[Round "1.2"]
[White "Zengeni, Tatenda Melisa"]
[Black "Chumpitaz, Ann"]
[Result "0-1"]
[ECO "D04"]
[WhiteElo "1649"]
[BlackElo "2150"]
[PlyCount "148"]
[EventDate "2016.??.??"]
[EventCountry "AZE"]
[WhiteTeam "Simbabwe"]
[BlackTeam "Peru"]
[WhiteTeamCountry "ZIM"]
[BlackTeamCountry "PER"]
[TimeControl "40/5400+30:1800+30"]
[WhiteClock "0:01:58"]
[BlackClock "0:17:56"]

1. d4 {(00:00} Nf6 {(00:00} 2. Nf3 {(00:00} d5 {
(00:06} 3. e3 {(00:37} c5 {(00:28} 4. b3 {(00:
35} Nc6 {(00:45} 5. Bb2 {(00:16} Bg4 {(11:59} 6. Be2 {
(02:12} e6 {(02:30} 7. Nbd2 {(01:07} Be7 {(03:
12} 8. h3 {(05:13} Bh5 {(01:53} 9. O-O {(07:28} O-O {
(06:17} 10. Re1 {(01:24} cxd4 {(01:04} 11. exd4 {
(00:59} Qb6 {(00:05} 12. a3 {(05:16} Bg6 {(06:
06} 13. c4 {(03:53} dxc4 {(04:50} 14. Nxc4 {(00:37}
Qd8 {(00:04} 15. Nce5 {(03:16} Be4 {(05:07} 16. Nxc6 {
(03:03} Bxc6 {(03:45} 17. Ne5 {(01:33} Bd5 {(00:
11} 18. Bf3 {(04:50} Rc8 {(00:25} 19. Rc1 {(01:59}
Rxc1 {(13:50} 20. Qxc1 {(04:27} Bd6 {(10:56} 21. b4 {
(08:10} Bxf3 {(02:16} 22. Nxf3 {(01:01} Nd5 {(
00:03} 23. Ne5 {(05:27} Qh4 {(00:16} 24. Nf3 {(04:51}
Qf6 {(02:37} 25. Qg5 {(01:41} Qxg5 {(00:06} 26. Nxg5 {
(00:12} Bf4 {(00:04} 27. Ne4 {(06:50} Rc8 {(00:
38} 28. g3 {(01:44} Bh6 {(07:04} 29. Nc5 {(05:47} b6 {
(00:24} 30. Nd3 {(00:58} Rc2 {(03:17} 31. Bc1 {(
02:24} Rc3 {(01:21} 32. Bxh6 {(12:03} gxh6 {(00:04}
33. Ne5 {(01:33} Rxa3 {(00:07} 34. Rc1 {(00:59} Nc3 {
(07:21} 35. Kf1 {(01:19} Rb3 {(00:10} 36. Nc6 {(
01:05} Nb5 {(00:14} 37. d5 {(01:44} exd5 {(01:28} 38.
Ne7+ {(00:09} Kg7 {(00:16} 39. Nxd5 {(00:08} Rb2 {
(03:24} 40. Rc4 {(00:00} Na3 {(00:00} 41. Rg4+ {
(01:14} Kf8 {(04:05} 42. Rh4 {(03:11} Nc2 {(01:
12} 43. Rxh6 {(03:23} Nxb4 {(02:09} 44. Nxb6 {(02:46}
axb6 {(00:07} 45. Rxb6 {(00:11} Kg7 {(00:59} 46. Kg2 {
(00:38} Nd3 {(03:12} 47. Rxb2 {(00:24} Nxb2 {(
00:04} 48. Kf3 {(00:11} Nd3 {(00:24} 49. Ke3 {(01:54}
Nc5 {(00:06} 50. Kd4 {(01:35} Ne6+ {(00:10} 51. Ke5 {
(01:30} Ng5 {(00:41} 52. h4 {(00:51} Nh3 {(00:
26} 53. f3 {(02:04} Ng1 {(03:12} 54. Ke4 {(02:53} Ne2
{(00:06} 55. g4 {(00:38} Kf6 {(02:23} 56. Ke3 {(
01:47} Nc3 {(00:14} 57. Kd4 {(01:13} Nb5+ {(00:06} 58.
Kd5 {(02:04} Nc7+ {(08:08} 59. Kd6 {(01:24} Ne6 {
(00:43} 60. Kd5 {(00:49} h5 {(01:03} 61. Ke4 {(
02:20} Ng7 {(01:02} 62. Kf4 {(02:36} Kg6 {(00:14} 63.
Ke5 {(00:57} Ne8 {(00:20} 64. Ke4 {(01:10} Ng7 {
(00:44} 65. Kf4 {(00:34} f5 {(01:24} 66. g5 {(
03:46} Ne6+ {(00:04} 67. Kg3 {(00:49} f4+ {(00:06} 68.
Kg2 {(00:59} Kf5 {(00:05} 69. Kf2 {(00:27} Nf8 {
(00:19} 70. Kg2 {(00:18} Ng6 {(00:04} 71. Kh3 {(
00:52} Ke5 {(00:06} 72. Kg2 {(01:27} Nxh4+ {(00:05}
73. Kh3 {(00:32} Ng6 {(00:04} 74. Kg2 {(00:45} Kd4 {
(00:14} 0-1

[Event "42nd Olympiad Baku 2016 Women"]
[Site "Baku"]
[Date "2016.09.02"]
[Round "1.18"]
[White "Zhang, Jasmine Haomo"]
[Black "Chirivi C, Jenny Astrid"]
[Result "0-1"]
[ECO "D02"]
[WhiteElo "1721"]
[BlackElo "2209"]
[PlyCount "80"]
[EventDate "2016.??.??"]
[EventCountry "AZE"]
[WhiteTeam "Neuseeland"]
[BlackTeam "Kolumbien"]
[WhiteTeamCountry "NZL"]
[BlackTeamCountry "COL"]
[TimeControl "40/5400+30:1800+30"]
[WhiteClock "0:40:27"]
[BlackClock "0:32:09"]

1. d4 {(00:00} d5 {(00:00} 2. Nf3 {(00:00} Nf6 {
(00:00} 3. Bf4 {(00:00} c5 {(00:19} 4. e3 {(00:
00} Nc6 {(00:19} 5. c3 {(00:20} Qb6 {(00:13} 6. Qc2 {
(01:03} Bg4 {(07:56} 7. Nbd2 {(03:28} e6 {(00:
35} 8. h3 {(04:14} Bh5 {(03:19} 9. Qb3 {(07:26} c4 {
(10:44} 10. Qxb6 {(03:57} axb6 {(00:07} 11. Be2 {
(01:01} b5 {(00:53} 12. Ne5 {(06:11} b4 {(18:41]
} 13. Bxh5 {(04:06} Nxh5 {(00:11} 14. O-O {(00:47} Nxf4
{(09:39} 15. exf4 {(00:11} Bd6 {(01:53} 16. Rfe1 {
(01:53} Ne7 {(01:36} 17. g3 {(01:24} f6 {(06:21]
} 18. Nef3 {(08:02} Kf7 {(07:55} 19. cxb4 {(02:01} Bxb4
{(00:39} 20. a3 {(01:21} Ba5 {(01:21} 21. Rec1 {
(04:22} Nc6 {(01:50} 22. Nb1 {(05:31} b5 {(09:
20} 23. Nc3 {(04:29} b4 {(01:22} 24. axb4 {(02:44}
Bxb4 {(00:27} 25. Rab1 {(01:21} Na5 {(02:11} 26. Nd2 {
(00:52} Rhb8 {(01:55} 27. Rc2 {(04:57} Ra6 {(08:
11} 28. Re1 {(08:23} g6 {(00:42} 29. Nf3 {(02:15} Nb3
{(02:03} 30. Kg2 {(01:08} Ba5 {(01:06} 31. Rd1 {
(03:06} Bc7 {(00:48} 32. Re2 {(03:01} Rba8 {(02:
05} 33. Rde1 {(01:35} Bd8 {(00:20} 34. Nb5 {(03:32}
Rb6 {(00:28} 35. Nc3 {(00:21} Ra1 {(00:18} 36. Rxa1 {
(00:38} Nxa1 {(00:03} 37. Na4 {(00:57} Rc6 {(00:
42} 38. Nc3 {(02:08} Bb6 {(00:49} 39. Rc2 {(00:24}
Nxc2 {(00:13} 40. Na4 {(00:00} Bxd4 {(00:00} 0-1

[Event "42nd Olympiad Baku 2016 Women"]
[Site "Baku"]
[Date "2016.09.02"]
[Round "1.6"]
[White "Zhukova, Natalia"]
[Black "Coimbra, Margarida"]
[Result "1-0"]
[ECO "D43"]
[WhiteElo "2475"]
[BlackElo "2078"]
[PlyCount "51"]
[EventDate "2016.??.??"]
[EventCountry "AZE"]
[WhiteTeam "Ukraine"]
[BlackTeam "Portugal"]
[WhiteTeamCountry "UKR"]
[BlackTeamCountry "POR"]
[TimeControl "40/5400+30:1800+30"]
[WhiteClock "0:12:07"]
[BlackClock "0:00:34"]

1. d4 {(00:00} d5 {(00:00} 2. c4 {(00:00} c6 {(
00:00} 3. Nf3 {(00:00} Nf6 {(00:06} 4. Nc3 {(00:22} e6
{(00:18} 5. g3 {(00:25} Nbd7 {(01:22} 6. Bg2 {(
00:22} Be7 {(00:34} 7. O-O {(00:21} O-O {(00:43} 8. b3
{(00:48} b6 {(01:59} 9. Nd2 {(00:35} Bb7 {(13:
41} 10. e4 {(01:46} Rc8 {(08:42} 11. Re1 {(15:10} Bb4
{(25:44} 12. Bb2 {(03:29} c5 {(03:19} 13. exd5 {
(26:55} cxd4 {(14:24} 14. Nb5 {(00:58} a6 {(08:
09} 15. Nxd4 {(03:51} exd5 {(00:32} 16. Nf5 {(16:11}
Re8 {(09:13} 17. Rxe8+ {(00:46} Qxe8 {(00:25} 18. cxd5
{(04:30} b5 {(07:33} 19. Nxg7 {(04:43} Kxg7 {(
01:42} 20. Qg4+ {(00:07} Kh8 {(00:37} 21. Qxb4 {(00:10]
} Kg8 {(00:47} 22. Qf4 {(03:32} Qd8 {(00:34} 23. Qg5+ {
(00:32} Kf8 {(00:24} 24. Ba3+ {(01:24} Nc5 {(00:
34} 25. Rc1 {(02:39} Qb6 {(00:34} 26. Bxc5+ {(01:17}
1-0

[Event "42nd Olympiad Baku 2016 Women"]
[Site "Baku"]
[Date "2016.09.02"]
[Round "1.15"]
[White "Zhylkaidarova, Sholpan"]
[Black "Fernandez Alacha, Mirna Graciela"]
[Result "1-0"]
[ECO "D85"]
[WhiteElo "2162"]
[BlackElo "1528"]
[PlyCount "57"]
[EventDate "2016.??.??"]
[EventCountry "AZE"]
[WhiteTeam "Kasachstan"]
[BlackTeam "Honduras"]
[WhiteTeamCountry "KAZ"]
[BlackTeamCountry "HON"]
[TimeControl "40/5400+30:1800+30"]
[WhiteClock "0:08:27"]
[BlackClock "0:00:35"]

1. d4 {(00:00} Nf6 {(00:00} 2. c4 {(00:10} g6 {(
00:00} 3. Nc3 {(00:33} d5 {(00:23} 4. cxd5 {(00:58}
Nxd5 {(00:14} 5. e4 {(00:46} Nxc3 {(00:14} 6. bxc3 {
(00:21} Bg7 {(00:24} 7. Be3 {(00:51} c5 {(00:51]
} 8. Qd2 {(01:50} Qa5 {(13:20} 9. Rc1 {(02:33} O-O {
(01:37} 10. Nf3 {(04:03} Rd8 {(04:40} 11. d5 {(
02:33} Nd7 {(03:45} 12. c4 {(03:02} Qxd2+ {(03:56} 13.
Nxd2 {(06:11} b6 {(02:21} 14. Be2 {(04:38} f5 {(
11:15} 15. Bg5 {(08:31} Re8 {(03:19} 16. exf5 {(01:37}
gxf5 {(01:06} 17. Bh5 {(01:57} h6 {(15:12} 18. Bh4 {
(02:35} Ba6 {(09:38} 19. Bxe8 {(02:29} Rxe8 {(
00:47} 20. O-O {(05:13} Ne5 {(04:49} 21. Rc2 {(24:10}
Ng6 {(03:05} 22. Nf3 {(00:26} Bb7 {(10:55} 23. Re1 {
(03:05} Kf7 {(07:26} 24. h3 {(07:02} b5 {(01:00]
} 25. Rb1 {(02:36} a6 {(01:05} 26. Bg3 {(01:44} b4 {
(01:04} 27. Bc7 {(01:07} Rc8 {(00:27} 28. Bb6 {(
01:30} Nf8 {(00:32} 29. Re2 {(03:32} 1-0

[Event "42nd Olympiad Baku 2016 Open"]
[Site "Baku"]
[Date "2016.09.03"]
[Round "2.30"]
[White "Abasov, Nijat"]
[Black "Laurusas, Tomas"]
[Result "1-0"]
[ECO "B12"]
[WhiteElo "2552"]
[BlackElo "2437"]
[Annotator ""]
[PlyCount "53"]
[EventDate "2016.??.??"]
[EventCountry "AZE"]
[SourceTitle "playchess.com"]
[Source "ChessBase"]
[WhiteTeam "Azerbaijan"]
[BlackTeam "Lithuania"]
[WhiteTeamCountry "AZE"]
[BlackTeamCountry "LTU"]
[TimeControl "40/5400+30:1800+30"]

1. e4 {(00:00)} c6 {(00:27)} 2. d4 {(00:00)} d5 {(
00:06)} 3. e5 {(00:00)} Bf5 {(00:11)} 4. h4 {(00:02)} Qc7
{(01:27)} 5. Nc3 {(01:59)} a6 {(01:54)} 6. Be3 {(
01:51)} h6 {(03:53)} 7. g4 {(12:10)} Bd7 {(00:06)} 8. h5 {
(00:08)} e6 {(00:16)} 9. f4 {(02:42)} c5 {(00:07)}
10. Nf3 {(00:06)} cxd4 {(00:15)} 11. Nxd4 {(00:11)} Nc6 {
(03:43)} 12. Qd2 {(00:53)} Nxd4 {(00:20)} 13. Bxd4 {
(00:21)} Ne7 {(01:44)} 14. O-O-O {(12:24)} Nc6 {(
03:29)} 15. Bf2 {(02:49)} Bb4 {(21:32)} 16. Kb1 {(02:47)}
O-O-O {(10:08)} 17. Rh3 {(02:26)} Kb8 {(23:17)} 18. a3 {
(02:55)} Be7 {(00:02)} 19. Ne2 {(04:42)} Rc8 {(03:
59)} 20. Nc1 {(05:07)} f6 {(01:54)} 21. exf6 {(05:58)}
Bxf6 {(01:01)} 22. g5 {(07:15)} Be7 {(00:42)} 23. gxh6 {
(05:06)} gxh6 {(00:42)} 24. Rb3 {(02:15)} Qa5 {(00:
21)} 25. Qe2 {(03:22)} Ka8 {(05:14)} 26. Bh3 {(00:30)} Bc5
{(01:46)} 27. Rxb7 {(01:20)} 1-0

[Event "42nd Olympiad Baku 2016 Open"]
[Site "Baku"]
[Date "2016.09.03"]
[Round "2.24"]
[White "Abreu Jean, Carlos Paul"]
[Black "Yakubboev, Nodirbek"]
[Result "0-1"]
[ECO "A45"]
[WhiteElo "2326"]
[BlackElo "2431"]
[Annotator ""]
[PlyCount "106"]
[EventDate "2016.??.??"]
[EventCountry "AZE"]
[SourceTitle "playchess.com"]
[Source "ChessBase"]
[WhiteTeam "Dominican Republic"]
[BlackTeam "Uzbekistan"]
[WhiteTeamCountry "DOM"]
[BlackTeamCountry "UZB"]
[TimeControl "40/5400+30:1800+30"]

1. d4 {(00:00)} Nf6 {(00:00)} 2. Nc3 {(01:34)} d5 {
(00:00)} 3. Bf4 {(00:12)} a6 {(04:52)} 4. e3 {(13:
29)} c5 {(05:22)} 5. h3 {(04:04)} Nc6 {(04:17)} 6. Nf3 {
(03:08)} e6 {(08:50)} 7. a3 {(12:52)} Bd6 {(07:28)}
8. dxc5 {(00:40)} Bxc5 {(01:52)} 9. Bd3 {(17:16)} Qe7 {
(16:33)} 10. O-O {(10:51)} h6 {(05:12)} 11. e4 {(
12:51)} d4 {(00:51)} 12. Ne2 {(01:09)} e5 {(01:13)} 13.
Bd2 {(00:31)} Be6 {(08:55)} 14. Ng3 {(00:19)} Rd8 {
(02:41)} 15. Qe2 {(00:51)} g6 {(02:11)} 16. Nh2 {(
01:46)} Nd7 {(03:26)} 17. Kh1 {(01:14)} Bd6 {(02:54)} 18.
b4 {(00:16)} h5 {(01:32)} 19. Qe1 {(01:10)} Nb6 {(
05:23)} 20. Nf3 {(01:32)} Qc7 {(01:23)} 21. Ng5 {(01:06)}
Bc8 {(00:49)} 22. a4 {(00:17)} f6 {(03:14)} 23. b5 {
(00:09)} Ne7 {(00:52)} 24. Nf3 {(04:49)} Nc4 {(00:
51)} 25. Bb4 {(03:43)} Be6 {(04:47)} 26. Bxd6 {(00:22)}
Qxd6 {(01:36)} 27. Nd2 {(00:07)} Nb2 {(01:06)} 28. Qe2 {
(01:35)} h4 {(01:10)} 29. bxa6 {(00:16)} bxa6 {(01:
47)} 30. Bxa6 {(00:36)} hxg3 {(00:24)} 31. Bb5+ {(01:03)}
Kf7 {(01:40)} 32. fxg3 {(00:19)} Rc8 {(01:06)} 33. Qf2 {
(02:41)} f5 {(00:50)} 34. exf5 {(00:10)} gxf5 {(00:
11)} 35. Ne4 {(00:09)} Qd5 {(00:33)} 36. Rae1 {(02:03)}
Kg6 {(01:06)} 37. g4 {(01:51)} f4 {(00:35)} 38. c4 {
(00:49)} Nxc4 {(00:36)} 39. Bxc4 {(00:51)} Rxc4 {(
00:11)} 40. Qf3 {(00:00)} Rxa4 {(00:00)} 41. Qd3 {(00:38)}
Kg7 {(05:25)} 42. Ng5 {(04:04)} Ng6 {(02:57)} 43. Rc1 {
(01:27)} Rc8 {(10:27)} 44. Rxc8 {(02:15)} Bxc8 {(
00:05)} 45. Rc1 {(00:05)} Bd7 {(02:54)} 46. Rc7 {(03:26)}
Nf8 {(02:43)} 47. Qf5 {(01:40)} Kg8 {(02:10)} 48. Qf6 {
(06:32)} Ra1+ {(02:55)} 49. Kh2 {(00:27)} Ra2 {(00:
08)} 50. Nf3 {(01:12)} Qxf3 {(00:21)} 51. Qg5+ {(00:34)}
Kf7 {(00:14)} 52. Qf5+ {(00:22)} Ke7 {(00:15)} 53. Qxe5+ {
(01:40)} Ne6 0-1

[Event "42nd Olympiad Baku 2016 Open"]
[Site "Baku"]
[Date "2016.09.03"]
[Round "2.33"]
[White "Adhiban, B."]
[Black "Minero Pineda, Sergio"]
[Result "1-0"]
[ECO "B47"]
[WhiteElo "2671"]
[BlackElo "2391"]
[Annotator ""]
[PlyCount "95"]
[EventDate "2016.??.??"]
[EventCountry "AZE"]
[SourceTitle "playchess.com"]
[Source "ChessBase"]
[WhiteTeam "India"]
[BlackTeam "Costa Rica"]
[WhiteTeamCountry "IND"]
[BlackTeamCountry "CRI"]
[TimeControl "40/5400+30:1800+30"]

1. e4 {(00:00)} c5 {(01:21)} 2. Nc3 {(00:24)} e6 {(
00:09)} 3. Nge2 {(00:34)} Nc6 {(00:32)} 4. d4 {(00:31)}
cxd4 {(00:14)} 5. Nxd4 {(00:03)} Qc7 {(00:28)} 6. Be2 {
(06:45)} a6 {(00:35)} 7. O-O {(00:10)} Nf6 {(00:59]
} 8. Be3 {(00:15)} Be7 {(00:59)} 9. f4 {(00:08)} d6 {
(00:43)} 10. Kh1 {(00:56)} O-O {(00:54)} 11. Qe1 {(
00:18)} Nxd4 {(00:21)} 12. Bxd4 {(00:02)} b5 {(00:40)} 13.
Qg3 {(00:10)} Bb7 {(00:09)} 14. a3 {(00:08)} Bc6 {(
00:21)} 15. Bd3 {(01:28)} Qb7 {(00:38)} 16. Rae1 {(00:28)}
b4 {(00:51)} 17. Nd1 {(00:02)} bxa3 {(00:12)} 18. bxa3 {
(00:02)} Rac8 {(01:35)} 19. c4 {(30:14)} Qc7 {(30:
45)} 20. Ba1 {(21:45)} g6 {(27:05)} 21. Nf2 {(07:15)} Nh5
{(04:54)} 22. Qe3 {(05:32)} e5 {(02:53)} 23. Ng4 {(
00:09)} f6 {(03:04)} 24. f5 {(00:02)} Be8 {(02:11)} 25. c5
{(10:42)} Qxc5 {(01:35)} 26. Bxa6 {(00:02)} Ra8 {(
07:07)} 27. Qxc5 {(06:47)} dxc5 {(00:05)} 28. Bc4+ {(00:
05)} Kg7 {(00:31)} 29. Ne3 {(07:28)} Rxa3 {(02:45)} 30.
Nd5 {(00:01)} Ra7 {(01:54)} 31. g4 {(00:57)} Nf4 {(
00:41)} 32. Nxf4 {(01:19)} exf4 {(00:04)} 33. g5 {(00:50)}
Bc6 {(07:58)} 34. Bd5 {(00:36)} Bxd5 {(00:37)} 35. exd5 {
(00:01)} Bd8 {(00:44)} 36. Rxf4 {(00:17)} h6 {(00:
49)} 37. h4 {(01:13)} hxg5 {(00:04)} 38. hxg5 {(00:01)}
Rh8+ {(00:06)} 39. Kg1 {(00:07)} Rh5 {(00:12)} 40. Rg4 {
(00:00)} gxf5 {(00:00)} 41. gxf6+ {(04:51)} Kf8 {(
02:25)} 42. Re8+ {(01:46)} Kxe8 {(02:44)} 43. Rg8+ {(00:
01)} Kd7 {(03:56)} 44. Rg7+ {(00:05)} Kd6 {(00:12)} 45.
Rxa7 {(00:02)} f4 {(04:00)} 46. f7 {(00:16)} Rf5 {(
01:10)} 47. Bf6 {(00:46)} Rxf6 {(11:41)} 48. Ra6+ {(00:10]
} 1-0

[Event "42nd Olympiad Baku 2016 Open"]
[Site "Baku"]
[Date "2016.09.03"]
[Round "2.28"]
[White "AlHuwar, Jasem"]
[Black "Swiercz, Dariusz"]
[Result "0-1"]
[ECO "A05"]
[WhiteElo "2291"]
[BlackElo "2639"]
[Annotator ""]
[PlyCount "88"]
[EventDate "2016.??.??"]
[EventCountry "AZE"]
[SourceTitle "playchess.com"]
[Source "ChessBase"]
[WhiteTeam "United Arab Emirates"]
[BlackTeam "Poland"]
[WhiteTeamCountry "UAE"]
[BlackTeamCountry "POL"]
[TimeControl "40/5400+30:1800+30"]

1. Nf3 {(00:00)} Nf6 {(00:00)} 2. g3 {(00:00)} g6 {
(00:00)} 3. b3 {(00:07)} Bg7 {(00:00)} 4. Bb2 {(00:
06)} b6 {(00:02)} 5. Bg2 {(00:13)} Bb7 {(00:04)} 6. O-O {
(00:23)} O-O {(00:08)} 7. c4 {(00:56)} c5 {(00:17)}
8. Nc3 {(01:16)} d6 {(00:10)} 9. e3 {(01:21)} Ne4 {
(04:16)} 10. Qc2 {(03:51)} Nxc3 {(05:47)} 11. Bxc3 {
(00:15)} e5 {(00:29)} 12. d4 {(16:27)} exd4 {(14:
53)} 13. exd4 {(00:14)} Qf6 {(00:04)} 14. Qd3 {(11:01)}
Nc6 {(19:23)} 15. Rfd1 {(24:32)} Rfe8 {(01:31)} 16. Rac1 {
(01:07)} Nb4 {(01:04)} 17. Bxb4 {(00:26)} Be4 {(03:
29)} 18. Qf1 {(20:05)} cxb4 {(13:53)} 19. Ne1 {(04:53)} a5
{(03:57)} 20. Nc2 {(03:48)} Bh6 {(06:21)} 21. Bxe4 {
(07:01)} Rxe4 {(00:15)} 22. Re1 {(00:05)} Qf5 {(01:
15)} 23. Rxe4 {(00:07)} Qxe4 {(00:04)} 24. f4 {(00:20)}
Bg7 {(02:12)} 25. Qf2 {(00:24)} Re8 {(00:13)} 26. Rd1 {
(00:55)} h5 {(11:03)} 27. Rd2 {(00:14)} d5 {(06:07]
} 28. Qg2 {(00:35)} Bxd4+ {(02:14)} 29. Rxd4 {(00:23)}
Qxg2+ {(00:06)} 30. Kxg2 {(00:06)} Re2+ {(00:03)} 31. Kf3
{(02:04)} Rxc2 {(00:05)} 32. Rxd5 {(00:30)} Rxa2 {(
01:02)} 33. Rb5 {(01:04)} Rxh2 {(01:22)} 34. Rxb6 {(00:19]
} Rb2 {(00:06)} 35. c5 {(00:42)} Rxb3+ {(00:22)} 36. Ke4 {
(00:06)} Rxg3 {(00:54)} 37. Rb5 {(00:42)} Rc3 {(03:
30)} 38. Rxa5 {(00:17)} b3 {(01:06)} 39. Kd4 {(00:50)} b2
{(00:32)} 40. Rb5 {(00:00)} Rc2 {(00:00)} 41. c6 {(
10:10)} Rxc6 {(00:40)} 42. Rxb2 {(00:05)} Re6 {(01:08)}
43. f5 {(01:34)} Rf6 {(00:23)} 44. fxg6 {(00:12)} fxg6 {
(00:05)} 0-1